Flames vs RedWings

Created - 15 février 2021 at 20:10

Goals
1 2 3 T
Flames 1 0 0 1
RedWings 0 2 2 4
Shots
1 2 3 T
Flames 15 13 11 39
RedWings 5 19 13 37

1st period

1. Flames , Brady Tkachuk 22 (Blake Wheeler 31, Jared Spurgeon 23) at 12:42 (PP)

Penalties :
Jared Spurgeon (CGY) for Charging (Minor) at 3:40, Connor Murphy (DET) for Tripping (Minor) at 7:27, Nick Jensen (DET) for Roughing (Minor) at 11:08, Sean Kuraly (CGY) for Hooking (Minor) at 19:23

2nd period

2. RedWings , Jordan Szwarz 5 (Drew Doughty 35, Frans Nielsen 2) at 1:59
3. RedWings , Patric Hornqvist 12 (David Perron 16) at 8:01

Penalties :
David Perron (DET) for Slashing (Minor) at 8:46, Connor Murphy (DET) for Roughing (Minor) at 11:19

3rd period

4. RedWings , David Pastrnak 23 (Jake Gardiner 25, Mark Scheifele 26) at 3:28 (PP)
5. RedWings , Kyle Brodziak 8 (Connor Murphy 12) at 14:13

Penalties :
Ryan Getzlaf (CGY) for Holding (Minor) at 2:53

Goalie Stats

Jordan Binnington (CGY), 33 saves from 37 shots - (0,892), L, 27-16-6, 60:00 minutes
John Gibson (DET), 38 saves from 39 shots - (0,974), W, 26-16-8, 60:00 minutes

Players Stats for Flames

Player Name              G  A  P  +/- PIM S  H  SB GA TA FO     MP     PP MP  PK MP  
------------------------------------------------------------------------------------
Alec Martinez            0  0  0  -1  0   4  2  1  0  0  0/0    22:16   3:27   1:54 
Blake Wheeler            0  1  1  -1  0   5  0  0  0  0  3/4    24:02   3:12   0:15 
Brady Tkachuk            1  0  1   0  0   5  2  0  0  0  0/0    20:03   3:12   0:31 
Brayden McNabb           0  0  0  -1  0   1  4  1  0  0  0/0    22:16   3:27   1:54 
Charlie Coyle            0  0  0  -1  0   1  0  0  0  0  0/0     7:15   0:00   2:35 
Esa Lindell              0  0  0  -2  0   1  2  0  0  0  0/0    24:04   4:04   2:39 
Ethan Bear               0  0  0   0  0   1  1  0  0  0  0/0    13:40   0:00   0:00 
Ilya Mikheyev            0  0  0   0  0   0  0  1  0  0  0/2     5:39   0:00   1:27 
Jakub Vrana              0  0  0   0  0   3  0  0  0  0  0/6    16:34   4:19   1:56 
Jared Spurgeon           0  1  1  -2  2   4  2  3  0  0  0/0    23:17   4:04   1:07 
John Tavares             0  0  0  -1  0   5  0  0  0  0  16/31  23:47   3:12   0:00 
Marc Staal               0  0  0   0  0   0  2  0  0  0  0/0    14:26   0:00   1:32 
Max Domi                 0  0  0  -2  0   3  4  0  0  0  11/19  20:56   4:19   0:00 
Ondrej Kase              0  0  0  -2  0   1  1  0  0  0  0/1    12:50   0:00   0:00 
Pavel Buchnevich         0  0  0   0  0   0  0  0  0  0  0/0     0:00   0:00   0:00 
Ryan Getzlaf             0  0  0   0  2   3  2  0  0  0  11/21  16:37   4:19   2:00 
Sean Kuraly              0  0  0   0  2   2  0  0  0  0  1/1    10:40   0:00   0:22 
Taylor Hall              0  0  0  -2  0   0  2  0  0  0  1/2    17:02   0:00   0:00 

Players Stats for RedWings

Player Name              G  A  P  +/- PIM S  H  SB GA TA FO     MP     PP MP  PK MP  
------------------------------------------------------------------------------------
Andrew Cogliano          0  0  0   1  0   3  0  0  0  0  2/3    14:46   1:54   4:13 
Brayden Schenn           0  0  0   0  0   2  2  0  0  0  4/5    18:19   1:28   0:50 
Brett Howden             0  0  0   1  0   2  0  0  0  0  0/0     9:56   0:00   3:10 
Connor Murphy            0  1  1   2  4   0  3  1  0  0  0/0    14:04   2:29   0:00 
David Pastrnak           1  0  1   0  0   3  0  0  0  0  0/2    18:40   2:39   0:00 
David Perron             0  1  1   1  2   3  0  0  0  0  0/1    19:08   2:39   0:00 
Drew Doughty             0  1  1   1  0   0  2  2  0  0  0/0    24:45   0:00   3:59 
Erik Haula               0  0  0   1  0   1  0  0  0  0  12/24  16:56   0:26   0:00 
Erik Karlsson            0  0  0   0  0   6  0  1  0  0  0/0    21:09   2:04   3:32 
Frans Nielsen            0  1  1   1  0   2  0  0  0  0  8/13    9:56   0:26   2:44 
Jake Gardiner            0  1  1   0  0   0  2  1  0  0  0/0    21:03   2:03   3:27 
John Carlson             0  0  0   1  0   0  1  2  0  0  0/0    26:43   2:04   3:53 
Jordan Szwarz            1  0  1   1  0   1  1  0  0  0  0/0     6:46   0:00   0:00 
Kyle Brodziak            1  0  1   1  0   1  1  0  0  0  7/17   12:44   0:00   4:05 
Mark Scheifele           0  1  1   0  0   4  1  0  0  0  10/19  18:40   2:39   0:00 
Nick Jensen              0  0  0   2  2   0  0  1  0  0  0/0    12:13   0:26   0:11 
Patric Hornqvist         1  0  1   1  0   6  3  0  0  0  0/2    17:58   1:28   0:00 
Ryan Hartman             0  0  0   1  0   3  0  0  0  0  1/1     8:39   0:00   0:00 

3 Stars

1 - John Gibson (DET)
2 - Patric Hornqvist (DET)
3 - Kyle Brodziak (DET)

Power Play

Flames - 1 on 4 Attempt(s) - 25,00%
RedWings - 1 on 3 Attempt(s) - 33,33%

Penalty Kill

Flames - 2 on 3 Attempt(s) - 66,67% - Score 0 goal in Penalty Kill
RedWings - 3 on 4 Attempt(s) - 75,00% - Score 0 goal in Penalty Kill

Team Stat

Flames - Hits : 24 - Faceoff Wins : 43 - Blocked Shots : 6 - Penalty Minutes : 6
RedWings - Hits : 16 - Faceoff Wins : 44 - Blocked Shots : 8 - Penalty Minutes : 8

Official

Referees : Chris Lee and Jim Curtin
Linesman : Ryan Daisy and Travis Gawryletz

Game Notes

Ilya Mikheyev is injured at 0:51 of 2nd period (Bruised Right Leg)

Finance

Level 1 -- Attendance: 5777 (88,88%) -- Ticket Income 647 024 $
Level 2 -- Attendance: 4859 (97,18%) -- Ticket Income 398 438 $
Level 3 -- Attendance: 2902 (82,91%) -- Ticket Income 203 140 $
Level 4 -- Attendance: 2862 (71,07%) -- Ticket Income 114 480 $
Luxury Box -- Attendance: 1000 (100,00%) -- Ticket Income 225 000 $
Game was played at the Joe Louis Arena.
Total Attendance: 17400 (86,88%)
Total Ticket Income: 1 588 082 $
Other Income: 778 160 $
Total Income: 2 366 242 $

% Time on Ice - Flames

Lines # - Real PCT - Wanted PCT - Time Play
Normal Forward
1 - 34% - 35% - 16:20
2 - 36% - 30% - 17:02
3 - 22% - 20% - 10:19
4 - 9% - 15% - 4:15
Normal Defense
1 - 32% - 35% - 15:17
2 - 35% - 30% - 16:55
3 - 27% - 25% - 12:54
4 - 6% - 10% - 2:50
PP Forward
1 - 43% - 55% - 3:12
2 - 57% - 45% - 4:19
PP Defense
1 - 54% - 60% - 4:04
2 - 46% - 40% - 3:27
PK Forward
1 - 51% - 50% - 2:18
2 - 49% - 50% - 2:15
PK Defense
1 - 58% - 50% - 2:39
2 - 42% - 50% - 1:54
PK3 Forward
1 - 0% - 50%
2 - 0% - 50%
PK3 Defense
1 - 0% - 50%
2 - 0% - 50%
44 Forward
1 - 0% - 50%
2 - 0% - 50%
44 Defense
1 - 0% - 50%
2 - 0% - 50%
Last Minute Offensive  - 0:00
Last Minute Defensive  - 0:00
Total
Forward - 60:00
Defense - 60:00

% Time on Ice - RedWings

Lines # - Real PCT - Wanted PCT - Time Play
Normal Forward
1 - 33% - 35% - 16:01
2 - 34% - 35% - 16:30
3 - 18% - 20% - 8:39
4 - 14% - 10% - 6:46
Normal Defense
1 - 43% - 45% - 20:46
2 - 32% - 35% - 15:33
3 - 24% - 20% - 11:37
4 - 0% - 0% - 0:00
PP Forward
1 - 58% - 50% - 2:39
2 - 42% - 50% - 1:54
PP Defense
1 - 45% - 60% - 2:04
2 - 55% - 40% - 2:29
PK Forward
1 - 64% - 60% - 4:47
2 - 36% - 40% - 2:44
PK Defense
1 - 53% - 60% - 3:59
2 - 47% - 40% - 3:32
PK3 Forward
1 - 0% - 60%
2 - 0% - 40%
PK3 Defense
1 - 0% - 60%
2 - 0% - 40%
44 Forward
1 - 0% - 50%
2 - 0% - 50%
44 Defense
1 - 0% - 60%
2 - 0% - 40%
Last Minute Offensive  - 0:00
Last Minute Defensive  - 0:00
Total
Forward - 60:00
Defense - 60:00

Play-by-Play

1st period


0:01 of 1st period - Mark Scheifele wins face-off versus John Tavares in neutral zone.
0:10 of 1st period - Shot by David Pastrnak.
0:10 of 1st period - Shot Misses the Net.
0:15 of 1st period - Icing by Brady Tkachuk.
0:16 of 1st period - John Tavares wins face-off versus Erik Haula in Flames zone.
0:52 of 1st period - Shot by John Tavares.
0:52 of 1st period - Stopped by John Gibson without a rebound.
0:53 of 1st period - Kyle Brodziak wins face-off versus Max Domi in RedWings zone.
0:53 of 1st period - Kyle Brodziak is hit by Max Domi.
1:13 of 1st period - Shot by Ryan Hartman.
1:13 of 1st period - Stopped by Jordan Binnington without a rebound.
1:14 of 1st period - Ryan Getzlaf wins face-off versus Mark Scheifele in Flames zone.
1:14 of 1st period - Jakub Vrana is hit by Mark Scheifele and loses puck.
1:25 of 1st period - Shot by Jakub Vrana.
1:25 of 1st period - Shot Blocked by John Carlson.
1:32 of 1st period - Icing by Mark Scheifele.
1:33 of 1st period - John Tavares wins face-off versus Mark Scheifele in RedWings zone.
1:53 of 1st period - John Carlson is hit by Esa Lindell and loses puck.
2:14 of 1st period - Shot by John Tavares.
2:14 of 1st period - Shot Misses the Net.
2:53 of 1st period - Off-side.
2:54 of 1st period - Frans Nielsen wins face-off versus Ryan Getzlaf in neutral zone.
3:17 of 1st period - Off-side.
3:18 of 1st period - Erik Haula wins face-off versus John Tavares in neutral zone.
3:40 of 1st period - Minor Penalty to Jared Spurgeon for Charging.
3:41 of 1st period - Sean Kuraly wins face-off versus Brayden Schenn in Flames zone.
3:52 of 1st period - Ryan Getzlaf is hit by Patric Hornqvist and loses puck.
5:09 of 1st period - Shot by David Pastrnak.
5:09 of 1st period - Shot Misses the Net.
6:18 of 1st period - Shot by Brady Tkachuk.
6:18 of 1st period - Stopped by John Gibson without a rebound.
6:19 of 1st period - Erik Haula wins face-off versus Max Domi in RedWings zone.
6:19 of 1st period - Erik Haula is hit by Max Domi.
7:14 of 1st period - Shot by John Tavares.
7:14 of 1st period - Shot Misses the Net.
7:24 of 1st period - Shot by John Tavares.
7:24 of 1st period - Stopped by John Gibson with a rebound.
7:26 of 1st period - Shot by Blake Wheeler.
7:26 of 1st period - Stopped by John Gibson without a rebound.
7:27 of 1st period - Ryan Getzlaf wins face-off versus Kyle Brodziak in RedWings zone.
7:27 of 1st period - Minor Penalty to Connor Murphy for Tripping.
7:28 of 1st period - Blake Wheeler wins face-off versus Kyle Brodziak in RedWings zone.
7:35 of 1st period - Shot by Esa Lindell.
7:35 of 1st period - Shot Blocked by Drew Doughty.
7:49 of 1st period - Shot by Jared Spurgeon.
7:49 of 1st period - Shot Misses the Net.
8:16 of 1st period - Off-side.
8:17 of 1st period - Ryan Getzlaf wins face-off versus Kyle Brodziak in neutral zone.
8:37 of 1st period - Shot by Alec Martinez.
8:37 of 1st period - Stopped by John Gibson without a rebound.
8:38 of 1st period - Frans Nielsen wins face-off versus John Tavares in RedWings zone.
8:38 of 1st period - Frans Nielsen is hit by Brady Tkachuk.
8:52 of 1st period - Shot by John Tavares.
8:52 of 1st period - Shot Misses the Net.
8:54 of 1st period - Shot by Esa Lindell.
8:54 of 1st period - Stopped by John Gibson without a rebound.
8:55 of 1st period - Kyle Brodziak wins face-off versus Ryan Getzlaf in RedWings zone.
8:55 of 1st period - Kyle Brodziak is hit by Ryan Getzlaf.
9:25 of 1st period - Shot by Ryan Getzlaf.
9:25 of 1st period - Stopped by John Gibson without a rebound.
9:26 of 1st period - Frans Nielsen wins face-off versus John Tavares in RedWings zone.
9:31 of 1st period - Shot by Mark Scheifele.
9:31 of 1st period - Stopped by Jordan Binnington with a rebound.
9:41 of 1st period - Shot by Charlie Coyle.
9:41 of 1st period - Stopped by John Gibson without a rebound.
9:42 of 1st period - John Tavares wins face-off versus Erik Haula in RedWings zone.
9:48 of 1st period - Brady Tkachuk is hit by John Carlson and loses puck.
10:17 of 1st period - Shot by Blake Wheeler.
10:17 of 1st period - Shot Misses the Net.
10:48 of 1st period - Icing by Ethan Bear.
10:49 of 1st period - Max Domi wins face-off versus Kyle Brodziak in Flames zone.
10:55 of 1st period - Ethan Bear is hit by Connor Murphy and loses puck.
11:07 of 1st period - Ilya Mikheyev is hit by Connor Murphy and loses puck.
11:08 of 1st period - Minor Penalty to Nick Jensen for Roughing.
11:09 of 1st period - Kyle Brodziak wins face-off versus Jakub Vrana in RedWings zone.
11:09 of 1st period - Kyle Brodziak is hit by Max Domi.
12:14 of 1st period - Icing by Esa Lindell.
12:15 of 1st period - Kyle Brodziak wins face-off versus Blake Wheeler in Flames zone.
12:17 of 1st period - Andrew Cogliano is hit by Jared Spurgeon and loses puck.
12:42 of 1st period - Shot by Brady Tkachuk.
12:42 of 1st period - Goal by Brady Tkachuk - Flames : 1 - RedWings : 0.
12:43 of 1st period - Mark Scheifele wins face-off versus Ilya Mikheyev in neutral zone.
13:16 of 1st period - Mark Scheifele is hit by Taylor Hall and loses puck.
13:55 of 1st period - Shot by Sean Kuraly.
13:55 of 1st period - Stopped by John Gibson without a rebound.
13:56 of 1st period - John Tavares wins face-off versus Frans Nielsen in RedWings zone.
14:36 of 1st period - Icing by Brett Howden.
14:37 of 1st period - Ryan Getzlaf wins face-off versus Frans Nielsen in RedWings zone.
14:44 of 1st period - Alec Martinez is hit by Jordan Szwarz and loses puck.
14:54 of 1st period - Off-side.
14:55 of 1st period - John Tavares wins face-off versus Kyle Brodziak in neutral zone.
16:22 of 1st period - Shot by David Pastrnak.
16:22 of 1st period - Shot Misses the Net.
16:24 of 1st period - Shot by Nick Jensen.
16:24 of 1st period - Shot Blocked by Brayden McNabb.
16:26 of 1st period - Shot by Mark Scheifele.
16:26 of 1st period - Shot Misses the Net.
16:31 of 1st period - Mark Scheifele is hit by Alec Martinez and loses puck.
16:37 of 1st period - Brayden Schenn is hit by Brayden McNabb and loses puck.
16:42 of 1st period - Shot by Brayden Schenn.
16:42 of 1st period - Shot Misses the Net.
17:05 of 1st period - Erik Haula is hit by Esa Lindell and loses puck.
17:16 of 1st period - Shot by Max Domi.
17:16 of 1st period - Stopped by John Gibson with a rebound.
17:18 of 1st period - Shot by Taylor Hall.
17:18 of 1st period - Shot Blocked by Jake Gardiner.
17:20 of 1st period - Shot by Jared Spurgeon.
17:20 of 1st period - Stopped by John Gibson without a rebound.
17:21 of 1st period - John Tavares wins face-off versus Frans Nielsen in RedWings zone.
17:30 of 1st period - Shot by Brady Tkachuk.
17:30 of 1st period - Stopped by John Gibson with a rebound.
17:32 of 1st period - Shot by Brady Tkachuk.
17:32 of 1st period - Shot Misses the Net.
17:50 of 1st period - Shot by Blake Wheeler.
17:50 of 1st period - Deflect By Brady Tkachuk.
17:50 of 1st period - Shot Misses the Net.
17:52 of 1st period - Shot by John Tavares.
17:52 of 1st period - Shot Misses the Net.
17:54 of 1st period - Shot by Ethan Bear.
17:54 of 1st period - Stopped by John Gibson without a rebound.
17:55 of 1st period - Max Domi wins face-off versus Mark Scheifele in RedWings zone.
18:06 of 1st period - Shot by Max Domi.
18:06 of 1st period - Stopped by John Gibson with a rebound.
18:36 of 1st period - Shot by David Pastrnak.
18:36 of 1st period - Stopped by Jordan Binnington without a rebound.
18:37 of 1st period - John Tavares wins face-off versus Erik Haula in Flames zone.
19:00 of 1st period - Shot by Brady Tkachuk.
19:00 of 1st period - Shot Misses the Net.
19:23 of 1st period - Minor Penalty to Sean Kuraly for Hooking.
19:24 of 1st period - Mark Scheifele wins face-off versus Jakub Vrana in Flames zone.
19:25 of 1st period - Shot by Erik Karlsson.
19:25 of 1st period - Stopped by Jordan Binnington with a rebound.
19:49 of 1st period - Shot by Erik Karlsson.
19:49 of 1st period - Stopped by Jordan Binnington without a rebound.
19:50 of 1st period - Brayden Schenn wins face-off versus Jakub Vrana in Flames zone.
Goals for this period are 1 for Flames vs 0 for RedWings.
Shots for this period are 15 for Flames vs 5 for RedWings.

2nd period


0:01 of 2nd period - Mark Scheifele wins face-off versus Ilya Mikheyev in neutral zone.
0:35 of 2nd period - Icing by David Perron.
0:36 of 2nd period - Mark Scheifele wins face-off versus Ryan Getzlaf in RedWings zone.
0:47 of 2nd period - Shot by Mark Scheifele.
0:47 of 2nd period - Stopped by Jordan Binnington with a rebound.
0:49 of 2nd period - Shot by Erik Karlsson.
0:49 of 2nd period - Stopped by Jordan Binnington without a rebound.
0:50 of 2nd period - Brayden Schenn wins face-off versus Jakub Vrana in Flames zone.
0:51 of 2nd period - Shot by Patric Hornqvist.
0:51 of 2nd period - Shot Blocked by Ilya Mikheyev.
0:51 of 2nd period - Ilya Mikheyev from Flames is injured at 0:51 of 2nd period (Bruised Right Leg).
0:52 of 2nd period - Brayden Schenn wins face-off versus Jakub Vrana in Flames zone.
0:52 of 2nd period - Jake Gardiner is hit by Brayden McNabb and loses puck.
1:19 of 2nd period - Shot by Brayden Schenn.
1:19 of 2nd period - Shot Blocked by Jared Spurgeon.
1:21 of 2nd period - Shot by Jake Gardiner.
1:21 of 2nd period - Shot Misses the Net.
1:23 of 2nd period - Shot by Jake Gardiner.
1:23 of 2nd period - Shot Misses the Net.
1:25 of 2nd period - Shot by Brett Howden.
1:25 of 2nd period - Shot Blocked by Alec Martinez.
1:27 of 2nd period - Shot by Frans Nielsen.
1:27 of 2nd period - Stopped by Jordan Binnington with a rebound.
1:59 of 2nd period - Shot by Jordan Szwarz.
1:59 of 2nd period - Goal by Jordan Szwarz - Flames : 1 - RedWings : 1.
2:00 of 2nd period - Mark Scheifele wins face-off versus John Tavares in neutral zone.
2:12 of 2nd period - Shot by Blake Wheeler.
2:12 of 2nd period - Deflect By John Tavares.
2:12 of 2nd period - Shot Misses the Net.
2:17 of 2nd period - Charlie Coyle is hit by Jake Gardiner and loses puck.
2:31 of 2nd period - Shot by Jared Spurgeon.
2:31 of 2nd period - Shot Blocked by Erik Karlsson.
2:33 of 2nd period - Shot by Esa Lindell.
2:33 of 2nd period - Shot Misses the Net.
2:35 of 2nd period - Shot by Esa Lindell.
2:35 of 2nd period - Shot Misses the Net.
3:22 of 2nd period - Drew Doughty is hit by Marc Staal and loses puck.
3:25 of 2nd period - Shot by Patric Hornqvist.
3:25 of 2nd period - Stopped by Jordan Binnington without a rebound.
3:26 of 2nd period - Max Domi wins face-off versus Kyle Brodziak in Flames zone.
3:40 of 2nd period - Shot by Ryan Hartman.
3:40 of 2nd period - Shot Misses the Net.
3:42 of 2nd period - Shot by Andrew Cogliano.
3:42 of 2nd period - Stopped by Jordan Binnington with a rebound.
3:44 of 2nd period - Shot by Andrew Cogliano.
3:44 of 2nd period - Stopped by Jordan Binnington without a rebound.
3:45 of 2nd period - Frans Nielsen wins face-off versus John Tavares in Flames zone.
3:45 of 2nd period - Frans Nielsen is hit by Jared Spurgeon.
3:55 of 2nd period - Shot by Brett Howden.
3:55 of 2nd period - Stopped by Jordan Binnington without a rebound.
3:56 of 2nd period - Erik Haula wins face-off versus Max Domi in Flames zone.
3:56 of 2nd period - Erik Haula is hit by Brayden McNabb.
4:33 of 2nd period - Shot by Max Domi.
4:33 of 2nd period - Shot Misses the Net.
5:17 of 2nd period - Icing by Alec Martinez.
5:18 of 2nd period - Max Domi wins face-off versus Kyle Brodziak in Flames zone.
5:35 of 2nd period - Shot by Brady Tkachuk.
5:35 of 2nd period - Stopped by John Gibson without a rebound.
5:36 of 2nd period - Frans Nielsen wins face-off versus John Tavares in RedWings zone.
6:39 of 2nd period - Shot by Sean Kuraly.
6:39 of 2nd period - Shot Misses the Net.
6:41 of 2nd period - Shot by Ryan Getzlaf.
6:41 of 2nd period - Shot Blocked by John Carlson.
6:45 of 2nd period - Shot by Ryan Getzlaf.
6:45 of 2nd period - Shot Blocked by Drew Doughty.
6:47 of 2nd period - Shot by Ethan Bear.
6:47 of 2nd period - Shot Misses the Net.
7:43 of 2nd period - Icing by Jared Spurgeon.
7:44 of 2nd period - John Tavares wins face-off versus Erik Haula in Flames zone.
7:44 of 2nd period - John Tavares is hit by Patric Hornqvist.
8:01 of 2nd period - Shot by Patric Hornqvist.
8:01 of 2nd period - Goal by Patric Hornqvist - Flames : 1 - RedWings : 2.
8:02 of 2nd period - Kyle Brodziak wins face-off versus Max Domi in neutral zone.
8:33 of 2nd period - Shot by Alec Martinez.
8:33 of 2nd period - Stopped by John Gibson with a rebound.
8:35 of 2nd period - Shot by Alec Martinez.
8:35 of 2nd period - Stopped by John Gibson without a rebound.
8:36 of 2nd period - Erik Haula wins face-off versus John Tavares in RedWings zone.
8:46 of 2nd period - Minor Penalty to David Perron for Slashing.
8:47 of 2nd period - Andrew Cogliano wins face-off versus John Tavares in RedWings zone.
9:53 of 2nd period - Shot by Max Domi.
9:53 of 2nd period - Shot Misses the Net.
10:02 of 2nd period - Shot by Alec Martinez.
10:02 of 2nd period - Stopped by John Gibson without a rebound.
10:03 of 2nd period - Frans Nielsen wins face-off versus Ryan Getzlaf in RedWings zone.
10:30 of 2nd period - Shot by Jared Spurgeon.
10:30 of 2nd period - Shot Misses the Net.
10:32 of 2nd period - Shot by Jared Spurgeon.
10:32 of 2nd period - Stopped by John Gibson with a rebound.
10:47 of 2nd period - Icing by Blake Wheeler.
10:48 of 2nd period - John Tavares wins face-off versus Mark Scheifele in Flames zone.
10:55 of 2nd period - Shot by Blake Wheeler.
10:55 of 2nd period - Stopped by John Gibson without a rebound.
10:56 of 2nd period - John Tavares wins face-off versus Erik Haula in RedWings zone.
10:59 of 2nd period - Shot by Blake Wheeler.
10:59 of 2nd period - Shot Misses the Net.
11:01 of 2nd period - Shot by Brady Tkachuk.
11:01 of 2nd period - Stopped by John Gibson without a rebound.
11:02 of 2nd period - Erik Haula wins face-off versus John Tavares in RedWings zone.
11:16 of 2nd period - Shot by Alec Martinez.
11:16 of 2nd period - Shot Misses the Net.
11:18 of 2nd period - Shot by John Tavares.
11:18 of 2nd period - Stopped by John Gibson without a rebound.
11:19 of 2nd period - Max Domi wins face-off versus Mark Scheifele in RedWings zone.
11:19 of 2nd period - Minor Penalty to Connor Murphy for Roughing.
11:20 of 2nd period - Kyle Brodziak wins face-off versus Ryan Getzlaf in RedWings zone.
11:20 of 2nd period - Kyle Brodziak is hit by Max Domi.
11:44 of 2nd period - Shot by Esa Lindell.
11:44 of 2nd period - Deflect By Ryan Getzlaf.
11:44 of 2nd period - Shot Misses the Net.
12:25 of 2nd period - Shot by Brady Tkachuk.
12:25 of 2nd period - Deflect By Blake Wheeler.
12:25 of 2nd period - Shot Misses the Net.
13:06 of 2nd period - Shot by Esa Lindell.
13:06 of 2nd period - Shot Misses the Net.
13:39 of 2nd period - Shot by Erik Haula.
13:39 of 2nd period - Shot Misses the Net.
13:41 of 2nd period - Shot by Patric Hornqvist.
13:41 of 2nd period - Stopped by Jordan Binnington with a rebound.
13:43 of 2nd period - Shot by David Perron.
13:43 of 2nd period - Stopped by Jordan Binnington without a rebound.
13:44 of 2nd period - Mark Scheifele wins face-off versus John Tavares in Flames zone.
13:58 of 2nd period - Brady Tkachuk is hit by Drew Doughty and loses puck.
14:32 of 2nd period - Max Domi is hit by Jake Gardiner and loses puck.
14:38 of 2nd period - Icing by Jake Gardiner.
14:39 of 2nd period - Erik Haula wins face-off versus Ryan Getzlaf in RedWings zone.
14:50 of 2nd period - Shot by Ryan Getzlaf.
14:50 of 2nd period - Stopped by John Gibson with a rebound.
14:52 of 2nd period - Shot by Jared Spurgeon.
14:52 of 2nd period - Stopped by John Gibson with a rebound.
14:54 of 2nd period - Shot by Sean Kuraly.
14:54 of 2nd period - Stopped by John Gibson without a rebound.
14:55 of 2nd period - Ryan Hartman wins face-off versus Ondrej Kase in RedWings zone.
14:59 of 2nd period - Connor Murphy is hit by Marc Staal and loses puck.
15:03 of 2nd period - Icing by Marc Staal.
15:04 of 2nd period - Erik Haula wins face-off versus Taylor Hall in Flames zone.
16:18 of 2nd period - Shot by David Pastrnak.
16:18 of 2nd period - Stopped by Jordan Binnington with a rebound.
16:21 of 2nd period - Icing by Jared Spurgeon.
16:22 of 2nd period - John Tavares wins face-off versus Kyle Brodziak in Flames zone.
16:40 of 2nd period - Shot by Andrew Cogliano.
16:40 of 2nd period - Stopped by Jordan Binnington with a rebound.
16:54 of 2nd period - Shot by Ryan Hartman.
16:54 of 2nd period - Shot Blocked by Jared Spurgeon.
16:56 of 2nd period - Shot by Ryan Hartman.
16:56 of 2nd period - Stopped by Jordan Binnington without a rebound.
16:57 of 2nd period - Brayden Schenn wins face-off versus Ryan Getzlaf in Flames zone.
17:00 of 2nd period - Shot by Mark Scheifele.
17:00 of 2nd period - Stopped by Jordan Binnington without a rebound.
17:01 of 2nd period - Mark Scheifele wins face-off versus Ryan Getzlaf in Flames zone.
17:07 of 2nd period - Mark Scheifele is hit by Alec Martinez and loses puck.
17:14 of 2nd period - Shot by Brayden Schenn.
17:14 of 2nd period - Stopped by Jordan Binnington with a rebound.
17:26 of 2nd period - Shot by Mark Scheifele.
17:26 of 2nd period - Stopped by Jordan Binnington without a rebound.
17:27 of 2nd period - Erik Haula wins face-off versus Max Domi in Flames zone.
17:32 of 2nd period - Shot by David Perron.
17:32 of 2nd period - Stopped by Jordan Binnington without a rebound.
17:33 of 2nd period - Max Domi wins face-off versus Erik Haula in Flames zone.
18:09 of 2nd period - Shot by Erik Haula.
18:09 of 2nd period - Shot Misses the Net.
18:11 of 2nd period - Shot by Erik Karlsson.
18:11 of 2nd period - Stopped by Jordan Binnington with a rebound.
18:23 of 2nd period - Drew Doughty is hit by Ondrej Kase and loses puck.
19:12 of 2nd period - Shot by Blake Wheeler.
19:12 of 2nd period - Stopped by John Gibson with a rebound.
19:14 of 2nd period - Shot by Jared Spurgeon.
19:14 of 2nd period - Stopped by John Gibson with a rebound.
19:41 of 2nd period - Shot by Ryan Getzlaf.
19:41 of 2nd period - Shot Blocked by Nick Jensen.
19:43 of 2nd period - Shot by Ryan Getzlaf.
19:43 of 2nd period - Shot Blocked by Connor Murphy.
Goals for this period are 0 for Flames vs 2 for RedWings.
Shots for this period are 13 for Flames vs 19 for RedWings.

3rd period


0:01 of 3rd period - John Tavares wins face-off versus David Pastrnak in neutral zone.
0:34 of 3rd period - Jared Spurgeon is hit by Brayden Schenn and loses puck.
1:19 of 3rd period - Icing by Jake Gardiner.
1:20 of 3rd period - Max Domi wins face-off versus Patric Hornqvist in RedWings zone.
1:56 of 3rd period - Icing by Brayden McNabb.
1:57 of 3rd period - Kyle Brodziak wins face-off versus Max Domi in Flames zone.
2:02 of 3rd period - Shot by Ryan Hartman.
2:02 of 3rd period - Stopped by Jordan Binnington without a rebound.
2:03 of 3rd period - Ryan Getzlaf wins face-off versus Kyle Brodziak in Flames zone.
2:53 of 3rd period - Minor Penalty to Ryan Getzlaf for Holding.
2:54 of 3rd period - Blake Wheeler wins face-off versus David Perron in Flames zone.
3:28 of 3rd period - Shot by David Pastrnak.
3:28 of 3rd period - Goal by David Pastrnak - Flames : 1 - RedWings : 3.
3:29 of 3rd period - Frans Nielsen wins face-off versus John Tavares in neutral zone.
4:06 of 3rd period - Shot by Brett Howden.
4:06 of 3rd period - Stopped by Jordan Binnington without a rebound.
4:07 of 3rd period - Mark Scheifele wins face-off versus Max Domi in Flames zone.
4:36 of 3rd period - Off-side.
4:37 of 3rd period - Ryan Getzlaf wins face-off versus Erik Haula in neutral zone.
4:37 of 3rd period - Jakub Vrana is hit by Patric Hornqvist and loses puck.
4:46 of 3rd period - Shot by David Perron.
4:46 of 3rd period - Stopped by Jordan Binnington with a rebound.
4:48 of 3rd period - Shot by Erik Karlsson.
4:48 of 3rd period - Stopped by Jordan Binnington with a rebound.
4:50 of 3rd period - Shot by Patric Hornqvist.
4:50 of 3rd period - Stopped by Jordan Binnington without a rebound.
4:51 of 3rd period - Andrew Cogliano wins face-off versus John Tavares in Flames zone.
5:28 of 3rd period - Shot by Blake Wheeler.
5:28 of 3rd period - Stopped by John Gibson with a rebound.
5:30 of 3rd period - Shot by Brady Tkachuk.
5:30 of 3rd period - Shot Misses the Net.
6:01 of 3rd period - Jake Gardiner is hit by Taylor Hall and loses puck.
6:27 of 3rd period - Patric Hornqvist is hit by Brayden McNabb and loses puck.
6:48 of 3rd period - Icing by Connor Murphy.
6:49 of 3rd period - Ryan Getzlaf wins face-off versus David Pastrnak in RedWings zone.
6:55 of 3rd period - Icing by Connor Murphy.
6:56 of 3rd period - Mark Scheifele wins face-off versus John Tavares in RedWings zone.
7:50 of 3rd period - Icing by Connor Murphy.
7:51 of 3rd period - Ryan Getzlaf wins face-off versus Mark Scheifele in RedWings zone.
8:02 of 3rd period - Shot by Jakub Vrana.
8:02 of 3rd period - Shot Misses the Net.
8:04 of 3rd period - Shot by Ryan Getzlaf.
8:04 of 3rd period - Deflect By Jakub Vrana.
8:04 of 3rd period - Stopped by John Gibson without a rebound.
8:05 of 3rd period - Max Domi wins face-off versus Erik Haula in RedWings zone.
8:05 of 3rd period - Max Domi is hit by Drew Doughty.
8:30 of 3rd period - Shot by Patric Hornqvist.
8:30 of 3rd period - Shot Misses the Net.
8:39 of 3rd period - Icing by Brayden McNabb.
8:40 of 3rd period - Max Domi wins face-off versus Kyle Brodziak in Flames zone.
8:40 of 3rd period - Max Domi is hit by Kyle Brodziak.
8:48 of 3rd period - Icing by Ryan Hartman.
8:49 of 3rd period - John Tavares wins face-off versus Andrew Cogliano in RedWings zone.
9:12 of 3rd period - Shot by John Tavares.
9:12 of 3rd period - Stopped by John Gibson without a rebound.
9:13 of 3rd period - Erik Haula wins face-off versus Ryan Getzlaf in RedWings zone.
9:13 of 3rd period - Erik Haula is hit by Ryan Getzlaf.
9:20 of 3rd period - Shot by Erik Haula.
9:20 of 3rd period - Deflect By Patric Hornqvist.
9:20 of 3rd period - Stopped by Jordan Binnington without a rebound.
9:21 of 3rd period - Erik Haula wins face-off versus Ryan Getzlaf in Flames zone.
10:21 of 3rd period - Icing by Mark Scheifele.
10:22 of 3rd period - Blake Wheeler wins face-off versus Mark Scheifele in RedWings zone.
10:43 of 3rd period - Shot by Mark Scheifele.
10:43 of 3rd period - Shot Misses the Net.
12:20 of 3rd period - Shot by Jakub Vrana.
12:20 of 3rd period - Stopped by John Gibson without a rebound.
12:21 of 3rd period - Ryan Getzlaf wins face-off versus Frans Nielsen in RedWings zone.
12:21 of 3rd period - Alec Martinez is hit by Connor Murphy and loses puck.
12:28 of 3rd period - Shot by Frans Nielsen.
12:28 of 3rd period - Shot Misses the Net.
12:32 of 3rd period - Shot by Frans Nielsen.
12:32 of 3rd period - Stopped by Jordan Binnington without a rebound.
12:33 of 3rd period - Erik Haula wins face-off versus John Tavares in Flames zone.
12:44 of 3rd period - Shot by Patric Hornqvist.
12:44 of 3rd period - Shot Misses the Net.
12:52 of 3rd period - John Carlson is hit by Brady Tkachuk and loses puck.
13:49 of 3rd period - Shot by Brayden Schenn.
13:49 of 3rd period - Stopped by Jordan Binnington with a rebound.
14:11 of 3rd period - Shot by Connor Murphy.
14:11 of 3rd period - Shot Misses the Net.
14:13 of 3rd period - Shot by Kyle Brodziak.
14:13 of 3rd period - Goal by Kyle Brodziak - Flames : 1 - RedWings : 4.
14:14 of 3rd period - Frans Nielsen wins face-off versus Jakub Vrana in neutral zone.
14:18 of 3rd period - Connor Murphy is hit by Ethan Bear and loses puck.
15:11 of 3rd period - Icing by Taylor Hall.
15:12 of 3rd period - Erik Haula wins face-off versus Max Domi in Flames zone.
15:13 of 3rd period - Shot by Patric Hornqvist.
15:13 of 3rd period - Stopped by Jordan Binnington without a rebound.
15:14 of 3rd period - John Tavares wins face-off versus Erik Haula in Flames zone.
15:30 of 3rd period - Shot by Blake Wheeler.
15:30 of 3rd period - Stopped by John Gibson with a rebound.
15:32 of 3rd period - Shot by John Tavares.
15:32 of 3rd period - Stopped by John Gibson without a rebound.
15:33 of 3rd period - Max Domi wins face-off versus Mark Scheifele in RedWings zone.
15:34 of 3rd period - Shot by Brayden McNabb.
15:34 of 3rd period - Stopped by John Gibson with a rebound.
16:01 of 3rd period - Shot by Max Domi.
16:01 of 3rd period - Stopped by John Gibson without a rebound.
16:02 of 3rd period - John Tavares wins face-off versus Erik Haula in RedWings zone.
16:10 of 3rd period - Icing by Drew Doughty.
16:11 of 3rd period - John Tavares wins face-off versus Patric Hornqvist in RedWings zone.
16:34 of 3rd period - Shot by Brady Tkachuk.
16:34 of 3rd period - Deflect By Blake Wheeler.
16:34 of 3rd period - Shot Misses the Net.
17:06 of 3rd period - Shot by Mark Scheifele.
17:06 of 3rd period - Shot Blocked by Jared Spurgeon.
17:08 of 3rd period - Shot by Mark Scheifele.
17:08 of 3rd period - Shot Misses the Net.
17:10 of 3rd period - Shot by Erik Karlsson.
17:10 of 3rd period - Stopped by Jordan Binnington with a rebound.
17:34 of 3rd period - Shot by David Pastrnak.
17:34 of 3rd period - Shot Misses the Net.
18:12 of 3rd period - Shot by Ondrej Kase.
18:12 of 3rd period - Stopped by John Gibson without a rebound.
18:13 of 3rd period - Ryan Getzlaf wins face-off versus Frans Nielsen in RedWings zone.
18:20 of 3rd period - Shot by Ryan Getzlaf.
18:20 of 3rd period - Stopped by John Gibson without a rebound.
18:21 of 3rd period - Ryan Getzlaf wins face-off versus Erik Haula in RedWings zone.
18:22 of 3rd period - Shot by Jakub Vrana.
18:22 of 3rd period - Stopped by John Gibson with a rebound.
18:39 of 3rd period - Shot by David Perron.
18:39 of 3rd period - Shot Misses the Net.
18:41 of 3rd period - Shot by Erik Haula.
18:41 of 3rd period - Stopped by Jordan Binnington without a rebound.
18:42 of 3rd period - Max Domi wins face-off versus Mark Scheifele in Flames zone.
18:42 of 3rd period - Max Domi is hit by Brayden Schenn.
19:04 of 3rd period - Icing by Brayden McNabb.
19:05 of 3rd period - Taylor Hall wins face-off versus Erik Haula in Flames zone.
Goals for this period are 0 for Flames vs 2 for RedWings.
Shots for this period are 11 for Flames vs 13 for RedWings.